 Dungeon Crawl Stone Soup version 0.21.1-1-g345015f (webtiles) character file.

42 wilfster70 the Cutter (level 3, 0/24 HPs)
             Began as a Halfling Warper on June 6, 2018.
             Succumbed to an adder's poison
             ... on level 2 of the Dungeon.
             The game lasted 00:06:00 (1577 turns).

wilfster70 the Cutter (Halfling Warper)             Turns: 1577, Time: 00:06:01

Health: 0/24       AC:  3    Str: 11 (12) XL:     3   Next: 80%
Magic:  6/6        EV: 14    Int: 10 (12) God:
Gold:   75         SH:  0    Dex: 11 (13) Spells: 2/6 levels left

rFire    + . .     SeeInvis .   a - +0 short sword
rCold    + . .     Gourm    .   (shield restricted)
rNeg     . . .     Faith    .   o - +0 leather armour
rPois    +         Spirit   .   (no helmet)
rElec    +         Reflect  .   (no cloak)
rCorr    +         Harm     .   (no gloves)
MR       .....                  (no boots)
Stlth    +.........             (no amulet)
HPRegen  0.08/turn              (no ring)
MPRegen  0.10/turn              (no ring)

@: lethally poisoned (0 -> -8), resistant
A: small, mutation resistance 1
a: no special abilities


You were on level 2 of the Dungeon.
You were not hungry.

You visited 1 branch of the dungeon, and saw 2 of its levels.

You collected 75 gold pieces.

Inventory:

Hand Weapons
 a - a +0 short sword (weapon)
 b - a +0 hunting sling
Missiles
 e - 5 tomahawks of dispersal (quivered)
 p - 22 stones
 q - 4 tomahawks
Armour
 o - a +0 leather armour (worn)
Scrolls
 d - 2 scrolls of blinking
 g - a scroll of noise {unknown}
 h - 2 scrolls of identify {unknown}
 i - a scroll of teleportation {unknown}
 k - a scroll of enchant weapon {unknown}
 l - a scroll of amnesia {unknown}
Books
 c - a book of Spatial Translocations

   Spells                             Type                      Level
   a - Blink                          Translocation                2
   b - Shroud of Golubria             Charms/Translocation         2
   c - Lesser Beckoning               Translocation                3
   d - Gell's Gravitas                Translocation                3
   e - Teleport Other                 Translocation                3
   f - Passage of Golubria            Translocation                4
Comestibles
 f - 2 rations
 j - a chunk of flesh


   Skills:
 - Level 1.7 Fighting
 + Level 3.7 Short Blades
 - Level 1.0 Throwing
 - Level 1.1 Armour
 - Level 2.1 Dodging
 + Level 2.3 Spellcasting
 - Level 3.2 Translocations


You had 2 spell levels left.
You knew the following spells:

 Your Spells              Type           Power        Failure   Level  Hunger
a - Blink                 Tloc           N/A          16%         2    ###....
b - Shroud of Golubria    Chrm/Tloc      #.........   30%         2    ###....


Dungeon Overview and Level Annotations

Branches:
Dungeon (2/15)

Altars:
Cheibriados
Elyvilon
Hepliaklqana
Kikubaaqudgha
Makhleb
Okawaru
Qazlal
Zin


Innate Abilities, Weirdness & Mutations

You are small and have problems with some larger weapons.
You are somewhat resistant to further mutation.


Message History

The adder poisons you!
You hit the adder.
The adder is heavily wounded.
* * * LOW HITPOINT WARNING * * *
You feel sick. The adder barely misses you. The adder closely misses you.
You hit the adder.
You kill the adder!
* * * LOW HITPOINT WARNING * * *
You feel sick.
It was a potion of resistance.
You feel protected.
Some of the chunks of flesh in your inventory have rotted away.
It was a potion of degeneration.
There was something very wrong with that liquid.
You feel weakened.
You feel dopey.
You feel clumsy.
* * * LOW HITPOINT WARNING * * *
You feel sick.
* * * LOW HITPOINT WARNING * * *
You feel sick.
You die...

#.# #.##...## #.#
#.####.# #.#
#....#.# #.#
####.#.#
##.############.#.#
.(....†.........#.#
.#.##############.#
.#.# #.#.# ...#
#####.@.# #..#
#.....### #..#
#.#####
#..#...S....#
...#......###
#..#......
#..#..... #.>###.##
#### #.


There were no monsters in sight!

Vanquished Creatures
  2 adders
  2 leopard geckos (D:1)
  4 bats
  A giant cockroach (D:1)
  3 goblins
  3 hobgoblins
  2 kobolds (D:2)
  4 rats
21 creatures vanquished.

Notes
Turn   | Place    | Note
-------+----------+-------------------------------------------
     0 | D:1      | wilfster70 the Halfling Warper began the quest for the Orb.
     0 | D:1      | Reached XP level 1. HP: 14/14 MP: 3/3
   186 | D:1      | Reached XP level 2. HP: 11/19 MP: 4/4
   847 | D:1      | Reached XP level 3. HP: 11/24 MP: 4/6
  1133 | D:1      | Learned a level 2 spell: Blink
  1136 | D:1      | Learned a level 2 spell: Shroud of Golubria
  1463 | D:2      | Found a burning altar of Makhleb.
  1464 | D:2      | Found a hazy altar of Hepliaklqana.
  1464 | D:2      | Found an ancient bone altar of Kikubaaqudgha.
  1466 | D:2      | Found a stormy altar of Qazlal.
  1466 | D:2      | Found a snail-covered altar of Cheibriados.
  1468 | D:2      | Found an iron altar of Okawaru.
  1468 | D:2      | Found a white marble altar of Elyvilon.
  1469 | D:2      | Found a glowing silver altar of Zin.
  1576 | D:2      | HP: 1/24 [poisoned by an adder]
  1577 | D:2      | Succumbed to an adder's poison

Skill      XL: |  1  2 |
---------------+-------+-----
Short Blades   | 3 |  3.7
Spellcasting   | 2 |  2.3
Fighting       | |  1.7
Throwing       | |  1.0
Armour         | |  1.1
Dodging        | |  2.1
Translocations | |  3.2

Action                   || total
-------------------------++-------
Melee: Short sword       ||    87
  Use: Potion            ||     2
  Eat: Chunk             ||     2
Armor: Leather armour    ||    26
Dodge: Dodged            ||    80
